PCL
MEXICO CITY CERVECEROS @ GRESHAM GOLD SOULS
09/22/2027
 
TOP OF THE 1ST
Mexico City Cerveceros batting - Pitching for Gresham Gold Souls : RHP Jamal Clayton
Pitching: RHP Jamal Clayton
Batting: SHB Pancho Vásquez 0-0: Called Strike
0-1: Swinging Strike
0-2: Ball
1-2: Fly out, F4 (Line Drive, 4)
Batting: RHB Lee Price 0-0: Called Strike
0-1: SOLO HOME RUN (Flyball, 78XD), Distance : 392 ft
Batting: RHB Orlando Núñes 0-0: Ground out 5-3 (Groundball, 56)
Batting: LHB Brandon Cummings 0-0: Foul Ball, location: 2F
0-1: Ball
1-1: Fly out, F4 (Line Drive, 4)
Top of the 1st over - 1 run(s), 1 hit(s), 0 error(s), 0 left on base; Mexico City 1 - Gresham 0
BOTTOM OF THE 1ST
Gresham Gold Souls batting - Pitching for Mexico City Cerveceros : RHP Christian Camden
Pitching: RHP Christian Camden
Batting: RHB Gabriel Miranda 0-0: Foul Ball, location: 2F
0-1: Foul Ball, location: 2F
0-2: SINGLE (Line Drive, 9S)
Batting: LHB Jeff McKinney 0-0: Ball
1-0: Fielders Choice at 2nd, 4-6 (Groundball, 4)
Batting: RHB Lawrence Yates 0-0: Called Strike
0-1: Ball
1-1: Called Strike
1-2: Strikes out swinging
Batting: RHB Mario Méndez 0-0: SINGLE (Line Drive, 78S)
Jeff McKinney to second
Batting: SHB Todd Smith 0-0: Ball
1-0: Ground out 1-3 (Groundball, 13)
Bottom of the 1st over - 0 run(s), 2 hit(s), 0 error(s), 2 left on base; Mexico City 1 - Gresham 0
TOP OF THE 2ND
Mexico City Cerveceros batting - Pitching for Gresham Gold Souls : RHP Jamal Clayton
Batting: RHB Dennis Stephenson 0-0: Ground out 5-3 (Groundball, 56)
Batting: LHB Gary Kern 0-0: Ball
1-0: Ball
2-0: Fly out, F7 (Line Drive, 78M)
Batting: RHB Dave Morgan 0-0: Ball
1-0: Ball
2-0: Foul Ball, location: 2F
2-1: DOUBLE (Groundball, 5L)
Batting: LHB David Hernández 0-0: Ball
1-0: Called Strike
1-1: Ball
2-1: Ball
3-1: Foul Ball, location: 2F
3-2: Strikes out swinging
Top of the 2nd over - 0 run(s), 1 hit(s), 0 error(s), 1 left on base; Mexico City 1 - Gresham 0
BOTTOM OF THE 2ND
Gresham Gold Souls batting - Pitching for Mexico City Cerveceros : RHP Christian Camden
Batting: RHB Rob Bailey 0-0: Called Strike
0-1: SINGLE (Line Drive, 89S)
Batting: SHB Sean Carr 0-0: Called Strike
0-1: Ball
1-1: Ball
2-1: Ball
3-1: Swinging Strike
3-2: Base on Balls
Rob Bailey to second
Batting: RHB Brian Dixon 0-0: Called Strike
0-1: Foul Ball, location: 2F
0-2: Foul Ball, location: 2F
0-2: Strikes out swinging
Batting: RHB Jim Edgar 0-0: Foul Ball, location: 2F
0-1: Swinging Strike
0-2: Ball
1-2: Foul Ball, location: 2F
1-2: Foul Ball, location: 2F
1-2: Ball
2-2: Foul Ball, location: 2F
2-2: Ground out 5-3 (Groundball, 56S)
Rob Bailey to third
Sean Carr to second
Batting: RHB Gabriel Miranda 0-0: Ground out 6-3 (Groundball, 6)
Bottom of the 2nd over - 0 run(s), 1 hit(s), 0 error(s), 2 left on base; Mexico City 1 - Gresham 0
TOP OF THE 3RD
Mexico City Cerveceros batting - Pitching for Gresham Gold Souls : RHP Jamal Clayton
Batting: LHB Domingo Cardona 0-0: Ball
1-0: Called Strike
1-1: Ball
2-1: Foul Ball, location: 2F
2-2: Ball
3-2: Fly out, F7 (Flyball, 78S)
Batting: SHB Pancho Vásquez 0-0: Ball
1-0: Ball
2-0: Swinging Strike
2-1: Called Strike
2-2: Foul Ball, location: 2F
2-2: Ball
3-2: Ground out 1-3 (Groundball, 13)
Batting: RHB Lee Price 0-0: Ball
1-0: Swinging Strike
1-1: Ball
2-1: Swinging Strike
2-2: Strikes out looking
Top of the 3rd over - 0 run(s), 0 hit(s), 0 error(s), 0 left on base; Mexico City 1 - Gresham 0
BOTTOM OF THE 3RD
Gresham Gold Souls batting - Pitching for Mexico City Cerveceros : RHP Christian Camden
Batting: LHB Jeff McKinney 0-0: SINGLE (Line Drive, 8LS)
Batting: RHB Lawrence Yates 0-0: Called Strike
0-1: Foul Ball, location: 2F
0-2: Foul Ball, location: 2F
0-2: Ball
1-2: Ball
2-2: Ball
3-2: SINGLE (Line Drive, 4D)
Jeff McKinney to second
Batting: RHB Mario Méndez 0-0: Called Strike
0-1: Ball
1-1: Grounds into double play, 6-4-3 (Groundball, 6)
Jeff McKinney to third
Batting: SHB Todd Smith 0-0: Ball
1-0: Ground out U3 (Groundball, 3)
Bottom of the 3rd over - 0 run(s), 2 hit(s), 0 error(s), 1 left on base; Mexico City 1 - Gresham 0
TOP OF THE 4TH
Mexico City Cerveceros batting - Pitching for Gresham Gold Souls : RHP Jamal Clayton
Batting: RHB Orlando Núñes 0-0: Ground out 6-3 (Groundball, 6)
Batting: LHB Brandon Cummings 0-0: SINGLE (Groundball, 3S) (infield hit)
Batting: RHB Dennis Stephenson 0-0: Ball
1-0: Fly out, F3 (Popup, 3L)
Batting: LHB Gary Kern 0-0: Fly out, F7 (Flyball, 7S)
Top of the 4th over - 0 run(s), 1 hit(s), 0 error(s), 1 left on base; Mexico City 1 - Gresham 0
BOTTOM OF THE 4TH
Gresham Gold Souls batting - Pitching for Mexico City Cerveceros : RHP Christian Camden
Batting: RHB Rob Bailey 0-0: Called Strike
0-1: Ball
1-1: Ground out 4-3 (Groundball, 4M)
Batting: SHB Sean Carr 0-0: Ball
1-0: Ball
2-0: Called Strike
2-1: Called Strike
2-2: Foul Ball, location: 2F
2-2: Ball
3-2: Base on Balls
Batting: RHB Brian Dixon 0-0: Ball
1-0: Hit by Pitch
Sean Carr to second
Batting: RHB Jim Edgar 0-0: Ball
1-0: Swinging Strike
1-1: Foul Ball, location: 2F
1-2: Ball
2-2: Ball
3-2: Foul Ball, location: 2F
3-2: SINGLE (Line Drive, 7S)
Sean Carr to third
Brian Dixon to second
Runner from 3rd tries for Home, SAFE, no throw
Batting: RHB Gabriel Miranda 0-0: Fly out, F8 (Flyball, 8RM)
Batting: LHB Jeff McKinney 0-0: Called Strike
0-1: Ground out 4-3 (Groundball, 34D)
Bottom of the 4th over - 1 run(s), 1 hit(s), 0 error(s), 2 left on base; Mexico City 1 - Gresham 1
TOP OF THE 5TH
Mexico City Cerveceros batting - Pitching for Gresham Gold Souls : RHP Jamal Clayton
Batting: RHB Dave Morgan 0-0: Ground out 5-3 (Groundball, 56S)
Batting: LHB David Hernández 0-0: Ball
1-0: Ball
2-0: Foul Ball, location: 2F
2-1: Ball
3-1: Swinging Strike
3-2: Strikes out swinging
Batting: LHB Domingo Cardona 0-0: Called Strike
0-1: Foul Ball, location: 2F
0-2: Ball
1-2: Strikes out swinging
Top of the 5th over - 0 run(s), 0 hit(s), 0 error(s), 0 left on base; Mexico City 1 - Gresham 1
BOTTOM OF THE 5TH
Gresham Gold Souls batting - Pitching for Mexico City Cerveceros : RHP Christian Camden
Batting: RHB Lawrence Yates 0-0: Ball
1-0: Ball
2-0: Ball
3-0: Foul Ball, location: 2F
3-1: Ground out 4-3 (Groundball, 4)
Batting: RHB Mario Méndez 0-0: Called Strike
0-1: Fly out, F9 (Flyball, 9)
Batting: SHB Todd Smith 0-0: Called Strike
0-1: Ball
1-1: Foul Ball, location: 2F
1-2: Ball
2-2: SINGLE (Flyball, 78S)
Batting: RHB Rob Bailey 0-0: Ball
1-0: Ball
2-0: Ball
3-0: Base on Balls
Todd Smith to second
Batting: SHB Sean Carr 0-0: Hit by Pitch
Todd Smith to third
Rob Bailey to second
Batting: RHB Brian Dixon 0-0: Foul Ball, location: 2F
0-1: Swinging Strike
0-2: Ball
1-2: Strikes out swinging
Bottom of the 5th over - 0 run(s), 1 hit(s), 0 error(s), 3 left on base; Mexico City 1 - Gresham 1
TOP OF THE 6TH
Mexico City Cerveceros batting - Pitching for Gresham Gold Souls : RHP Jamal Clayton
Batting: SHB Pancho Vásquez 0-0: Called Strike
0-1: Ball
1-1: Ball
2-1: Fly out, F6 (Line Drive, 6M)
Batting: RHB Lee Price 0-0: Ball
1-0: Ball
2-0: Ball
3-0: Ground out 5-3 (Groundball, 56)
Batting: RHB Orlando Núñes 0-0: Ball
1-0: Ball
2-0: Called Strike
2-1: Fly out, F9 (Flyball, 9LS)
Top of the 6th over - 0 run(s), 0 hit(s), 0 error(s), 0 left on base; Mexico City 1 - Gresham 1
BOTTOM OF THE 6TH
Gresham Gold Souls batting - Pitching for Mexico City Cerveceros : RHP Christian Camden
Batting: RHB Jim Edgar 0-0: Foul Ball, location: 2F
0-1: Foul Ball, location: 2F
0-2: Ball
1-2: SINGLE (Flyball, 78S)
Pitching: RHP Tex Perkins
Batting: RHB Gabriel Miranda 0-0: SINGLE (Line Drive, 9LS)
Jim Edgar to second
Runner from 2nd tries for 3rd, SAFE, throw made to third
Batting: LHB Jeff McKinney 0-0: Ball
1-0: Ball
2-0: Ball
3-0: Called Strike
3-1: Base on Balls
Gabriel Miranda to second
Batting: RHB Lawrence Yates 0-0: Ball
1-0: Swinging Strike
1-1: Ball
2-1: Foul Ball, location: 2F
2-2: Fly out, F8 (Flyball, 8RXD)
Runner from 3rd tags up, SCORES, no throw
Batting: RHB Mario Méndez 0-0: Called Strike
0-1: Foul Ball, location: 2F
0-2: Ball
1-2: Strikes out looking
Batting: SHB Todd Smith 0-0: Ball
1-0: Called Strike
1-1: Called Strike
1-2: Ball
2-2: Fly out, F7 (Flyball, 7LSF)
Bottom of the 6th over - 1 run(s), 2 hit(s), 0 error(s), 2 left on base; Mexico City 1 - Gresham 2
TOP OF THE 7TH
Mexico City Cerveceros batting - Pitching for Gresham Gold Souls : RHP Jamal Clayton
Batting: LHB Brandon Cummings 0-0: Foul Ball, location: 2F
0-1: Ball
1-1: Ball
2-1: Foul Ball, location: 2F
2-2: Foul Ball, location: 2F
2-2: Ball
3-2: Fly out, F9 (Flyball, 9S)
Batting: RHB Dennis Stephenson 0-0: Ground out 4-3 (Groundball, 4)
Batting: LHB Gary Kern 0-0: Fly out, F4 (Line Drive, 4)
Top of the 7th over - 0 run(s), 0 hit(s), 0 error(s), 0 left on base; Mexico City 1 - Gresham 2
BOTTOM OF THE 7TH
Gresham Gold Souls batting - Pitching for Mexico City Cerveceros : RHP Tex Perkins
Batting: RHB Rob Bailey 0-0: Called Strike
0-1: Foul Ball, location: 2F
0-2: Strikes out looking
Batting: SHB Sean Carr 0-0: Called Strike
0-1: Called Strike
0-2: Ball
1-2: Strikes out swinging
Batting: RHB Brian Dixon 0-0: Foul Ball, location: 2F
0-1: Called Strike
0-2: Ball
1-2: Foul Ball, location: 2F
1-2: Foul Ball, location: 2F
1-2: Strikes out swinging
Bottom of the 7th over - 0 run(s), 0 hit(s), 0 error(s), 0 left on base; Mexico City 1 - Gresham 2
TOP OF THE 8TH
Mexico City Cerveceros batting - Pitching for Gresham Gold Souls : RHP Jamal Clayton
Batting: RHB Dave Morgan 0-0: Ball
1-0: Ball
2-0: SINGLE (Line Drive, 9LM)
Pitching: RHP Taylor Bowen
Batting: LHB David Hernández 0-0: Ball
1-0: Sac Bunt - play at first, batter OUT! 5-4
Dave Morgan to second
Pitching: RHP Tim Cameron
Batting: LHB Domingo Cardona 0-0: Swinging Strike
0-1: Swinging Strike
0-2: Strikes out looking
Pinch Hitting: RHB Júlio López 0-0: Called Strike
0-1: Ground out 5-3 (Groundball, 5)
Top of the 8th over - 0 run(s), 1 hit(s), 0 error(s), 1 left on base; Mexico City 1 - Gresham 2
BOTTOM OF THE 8TH
Gresham Gold Souls batting - Pitching for Mexico City Cerveceros : RHP Tex Perkins
Now in CF: Kevin Beasley
Batting: RHB Jim Edgar 0-0: Ball
1-0: Called Strike
1-1: Ball
2-1: Ball
3-1: Base on Balls
Batting: RHB Gabriel Miranda 0-0: Ball
1-0: Ball
2-0: Ball
3-0: Called Strike
3-1: Sac Bunt - play at first, batter OUT! 3-4
Jim Edgar to second
Pitching: RHP Troy Hawkins
Pinch Hitting: LHB Bill Smith 0-0: Ball
1-0: Ball
2-0: Fly out, F9 (Flyball, 9S)
Batting: RHB Lawrence Yates 0-0: Ball
1-0: Foul Ball, location: 2F
1-1: Ball
2-1: Foul Ball, location: 2F
2-2: Ball
3-2: DOUBLE (Groundball, 5L)
Jim Edgar scores
Batting: RHB Mario Méndez 0-0: Ball
1-0: Called Strike
1-1: Swinging Strike
1-2: Strikes out swinging
Bottom of the 8th over - 1 run(s), 1 hit(s), 0 error(s), 1 left on base; Mexico City 1 - Gresham 3
TOP OF THE 9TH
Mexico City Cerveceros batting - Pitching for Gresham Gold Souls : RHP Tim Cameron
Pitching: RHP Eusébio Lagarto
Now in RF: Bill Smith
Batting: RHB Lee Price 0-0: Ground out 5-3 (Groundball, 56)
Batting: RHB Orlando Núñes 0-0: Called Strike
0-1: Swinging Strike
0-2: Ball
1-2: Strikes out swinging
Batting: LHB Brandon Cummings 0-0: Ball
1-0: Called Strike
1-1: Ball
2-1: Foul Ball, location: 2F
2-2: Ball
3-2: Strikes out looking
Top of the 9th over - 0 run(s), 0 hit(s), 0 error(s), 0 left on base; Mexico City 1 - Gresham 3
Thursday, March 30th, 2017 - OOTP Baseball 17.12 Build 75